 Dungeon Crawl Stone Soup version 0.19.0-2-gae57169 (webtiles) character file.

116 Gingerlord the Skirmisher (level 5, -3/42 HPs)
             Began as a Human Wanderer on Nov 6, 2016.
             Slain by an ogre
             ... wielding a +0 giant spiked club
              (19 damage)
             ... on level 4 of the Dungeon on Nov 7, 2016.
             The game lasted 00:14:24 (3715 turns).

Gingerlord the Skirmisher (Human Wanderer)          Turns: 3715, Time: 00:14:24

Health: -3/42      AC: 10    Str: 15    XL:     5   Next: 21%
Magic:  5/5        EV:  7    Int: 12    God:
Gold:   144        SH:  0    Dex: 11    Spells: 0 memorised, 4 levels left

rFire  x . .     SeeInvis .     q - +0 spear
rCold  + . .     Gourm    .     r - +0 chain mail (curse)
rNeg   . . .     Faith    .     (no shield)
rPois  .         Spirit   .     e - +0 helmet
rElec  .         Reflect  .     (no cloak)
rCorr  .         Harm     .     (no gloves)
MR     .....                    (no boots)
Stlth  ..........               (no amulet)
                                t - ring of ice
                                o - ring of flight

@: no status effects
A: no striking features
a: Evoke Flight


You were on level 4 of the Dungeon.
You were not hungry.

You visited 1 branch of the dungeon, and saw 4 of its levels.

You collected 144 gold pieces.

Inventory:

Hand Weapons
 a - a +0 trident
 q - a +0 spear (weapon)
Armour
 e - a +0 helmet (worn)
 r - a cursed +0 chain mail (worn)
Jewellery
 o - a ring of flight (left hand)
 t - a ring of ice (right hand)
Scrolls
 b - a scroll of blinking
 g - a scroll of fog {unknown}
 h - a scroll of remove curse {unknown}
 i - a scroll of recharging {unknown}
 n - 2 scrolls of identify {unknown}
 p - 2 scrolls of magic mapping {unknown}
 s - a scroll of random uselessness {unknown}
Potions
 d - a potion of lignification
 j - a potion of haste {unknown}
 k - 2 potions of brilliance {unknown}
 l - 6 potions of curing {unknown}
 m - a potion of might {unknown}
 u - a potion of agility
 v - 2 potions of magic {unknown}
Comestibles
 c - a beef jerky
 f - 6 bread rations


   Skills:
 + Level 3.9 Fighting
   Level 1.0 Maces & Flails
 + Level 1.5 Polearms
   Level 1.0 Crossbows
 + Level 3.6 Armour
 + Level 2.3 Dodging
 - Level 1.0 Stealth
 - Level 1.0 Evocations


You had 4 spell levels left.
You didn't know any spells.

Dungeon Overview and Level Annotations

Branches:
Dungeon (4/15)
 Temple: D:4-7

Altars:
Gozag
Makhleb
Zin

Annotations:
D:1 Sigmund


Message History

Okay, then.
You start eating one of the 7 bread rations.
You continue eating. x2
You finish eating.
That bread ration really hit the spot!
There is a stone staircase leading down here.
You climb downwards.
There is a stone staircase leading up here.
There is a stone staircase leading down here.
You climb downwards.
The ogre hits you with a giant spiked club!
The orc throws a tomahawk.
The tomahawk closely misses you.
There is a stone staircase leading up here.
You see here a tomahawk.
Your chain mail prevents you from hitting the orc.
The ogre hits you with a giant spiked club!
The orc barely misses you.
Unknown command.
You hit the orc but do no damage. The orc hits you with a short sword.
The ogre hits you with a giant spiked club!!
You die...

# ##.#..#######
###..### #
#######....# +
#.........<# #
#.#####o#### #
#.# #.# # #.# #.#
#
#..######.#####.#
#
#...>.O@o.......#
#
##.######.#######
# #... #$ #####
... ###. ##


You could see an ogre and an orc.

Vanquished Creatures
  Robin (D:2)
  2 worms
  3 dart slugs
  3 leopard geckos
  3 orcs
  15 giant cockroaches
  3 hobgoblins
  3 jackals (D:1)
  A quokka (D:2)
  5 bats
  A frilled lizard (D:2)
  25 goblins
  6 kobolds
  8 rats
79 creatures vanquished.

Notes
Turn   | Place    | Note
-------+----------+-------------------------------------------
     0 | D:1      | Gingerlord the Human Wanderer began the quest for the Orb.
     0 | D:1      | Gingerlord set off with: a +2 dagger, a scroll of blinking, a +0 ring mail, a potion of lignification, a bread ration
     0 | D:1      | Reached XP level 1. HP: 18/18 MP: 1/1
   145 | D:1      | Reached skill level 1 in Dodging
   145 | D:1      | Reached XP level 2. HP: 22/24 MP: 2/2
   310 | D:1      | Reached XP level 3. HP: 23/29 MP: 3/3
  1199 | D:2      | Noticed Robin
  1220 | D:2      | Noticed Sigmund
  1403 | D:2      | Reached XP level 4. HP: 36/36 MP: 4/4
  1441 | D:2      | Found a burning altar of Makhleb.
  1443 | D:2      | Found a glowing silver altar of Zin.
  1443 | D:2      | Noticed an angel
  1446 | D:2      | Noticed a green death
  2110 | D:2      | Killed Robin
  2110 | D:2      | Reached skill level 1 in Polearms
  2762 | D:3      | Found an opulent altar of Gozag.
  2977 | D:3      | Reached XP level 5. HP: 42/42 MP: 5/5
  3290 | D:3      | Noticed an ogre
  3496 | D:4      | Noticed an ogre
  3715 | D:4      | Slain by an ogre

Skill      XL: |  1  2  3  4 |
---------------+-------------+-----
Dodging        | 1 2 |  2.3
Polearms       | 1 |  1.5
Fighting       | |  3.9
Maces & Flails | |  1.0
Crossbows      | |  1.0
Armour         | |  3.6
Stealth        | |  1.0
Evocations     | |  1.0

Action                   |  1- 3 |  4- 6 || total
-------------------------+-------+-------++-------
Melee: Dagger            |    79 |       ||    79
       Spear             |    72 |   284 ||   356
       Trident           |       |    23 ||    23
  Eat: Chunk             |     2 |     2 ||     4
       Bread ration      |       |     2 ||     2
Armor: Ring mail         |    52 |    46 ||    98
       Chain mail        |       |    89 ||    89
Dodge: Dodged            |    76 |   124 ||   200
